 Dungeon Crawl Stone Soup version 0.27.1-35-g4d5d836560 (webtiles) character file.

Game seed: 1448058007960289560

21 Delamore the Sneak (level 2, -8/19 HPs)
             Began as an Octopode Brigand on Apr 26, 2022.
             Mangled by an ogre (27 damage)
             ... on level 2 of the Dungeon.
             The game lasted 00:00:58 (1233 turns).

Delamore the Sneak (Octopode Brigand)               Turns: 1233, Time: 00:00:58

Health: -8/19      AC:  4    Str: 10    XL:     2   Next: 87%
Magic:  2/2        EV: 12    Int: 13    God:
Gold:   26         SH:  3    Dex: 13    Spells: 1/1 levels left

rFire    . . .     SeeInvis .   a - +2 dagger
rCold    . . .     Faith    .   h - +0 buckler {AC+3}
rNeg     . . .     Spirit   .   (helmet restricted)
rPois    .         Reflect  .   (no amulet)
rElec    .         Harm     .   (no ring)
rCorr    .         Rampage  .   (no ring)
Will     .....                  (no ring)
Stlth    ++++......             (no ring)
HPRegen  0.06/turn              (no ring)
MPRegen  0.08/turn              (no ring)
                                (no ring)
                                (no ring)

@: no status effects
A: almost no armour, amphibious, 8 rings, camouflage 1, gelatinous body 1,
(nimble swimmer 1), tentacles
a: no special abilities


You were on level 2 of the Dungeon.
You visited 1 branch of the dungeon, and saw 2 of its levels.

You collected 26 gold pieces.

Inventory:

Hand Weapons
 a - a +2 dagger (weapon)
Missiles
 b - 6 poisoned darts (quivered)
Armour
 h - a +0 buckler of protection (worn)
Scrolls
 d - a scroll of amnesia
 j - a scroll of vulnerability
Potions
 e - a potion of flight {unknown}
 f - a potion of brilliance {unknown}
 g - a potion of attraction {unknown}


   Skills:
 - Level 2.0 Fighting
 * Level 2.9 Short Blades
 - Level 2.0 Throwing
 - Level 1.0 Dodging
 + Level 5.7 Stealth
 + Level 0.0 Shields


You had one spell level left.
You didn't know any spells.
Your spell library was empty.

Dungeon Overview and Level Annotations

Branches:
Dungeon (2/15)

Altars:


Innate Abilities, Weirdness & Mutations

You cannot wear most types of armour.
You are amphibious.
You can wear up to eight rings at the same time.
Your skin changes colour to match your surroundings (Stealth+).
Your rubbery body absorbs attacks. (AC +1, EV +1)
((You are camouflaged near water. (Stealth+)))
You have tentacles for arms and can constrict up to eight enemies at once.


Message History

A ball python is nearby!
The helpless ball python fails to defend itself.
You impale the ball python!!
You kill the ball python!
No target in view!
No target in view!
No target in view!
No target in view!
No target in view!
No target in view!
There is a stone staircase leading down here.
An ogre comes into view. It is wielding a +0 giant club.
Found 15 gold pieces and 29 stones.
An ogre is nearby!
An ogre is nearby!
The ogre shouts!
An ogre is nearby!
Throw: 2 darts (curare)
Press: ? - help, Q - select action, (/) - cycle Shift-Dir - straight line, f - ogre
Aim: an ogre, wielding a +0 giant club (74% to hit)
You throw a curare-tipped dart.
The curare-tipped dart barely misses the ogre.
Throw: dart (curare)
Press: ? - help, Q - select action, (/) - cycle Shift-Dir - straight line, f/p - ogre
Aim: an ogre, wielding a +0 giant club (74% to hit)
You throw a curare-tipped dart. The curare-tipped dart hits the ogre.
The ogre is poisoned.
The ogre convulses.
The ogre seems to slow down.
The ogre is moderately wounded.
The ogre closely misses you.
You throw a poisoned dart. The poisoned dart hits the ogre.
The ogre is moderately wounded.
You throw a poisoned dart. The poisoned dart hits the ogre.
The ogre looks even sicker.
The ogre is heavily wounded.
You hit the ogre.
The ogre is heavily wounded.
The ogre hits you with a +0 giant club!!
Ouch! That really hurt!
You die...

...#.####...#.# #
..............# #
##...#.##.......# ##
#...............# #.
#.##.#.##....†..# #.
#.##.#.###.....## #.
#.##.#.####)..######
#.#......>#.^.......
#..@............####
###O###....#....<#
#.(.# #....##.#..#
#.#.##........#..#
#.##.......#.#.....
#(##.............###
$..........#.##..#
##.###...... #..#
.(. .....


You could see an ogre (very poisoned, slow).

Vanquished Creatures
  5 ball pythons
  An endoplasm (D:1)
  A giant cockroach (D:1)
  3 goblins (D:1)
  A hobgoblin (D:1)
  2 quokkas (D:1)
  2 bats (D:1)
  2 frilled lizards (D:1)
  3 kobolds
  A rat (D:2)
21 creatures vanquished.

Notes
Turn   | Place    | Note
-------+----------+-------------------------------------------
     0 | D:1      | Delamore the Octopode Brigand began the quest for the Orb.
     0 | D:1      | Reached XP level 1. HP: 14/14 MP: 1/1
    32 | D:1      | Found a faded altar of an unknown god.
   128 | D:1      | Reached XP level 2. HP: 17/19 MP: 2/2
  1123 | D:2      | Identified a scroll of acquirement
  1125 | D:2      | Acquired a +0 buckler of protection
  1222 | D:2      | Noticed an ogre
  1233 | D:2      | Mangled by an ogre

Illustrated notes

Levels and vault maps discovered:
D:1:      elethiomel_arrival_infinity_welcomes_careful_drivers,
          layout_loops_ring, shapermc_ecumenical_altar_pompeii
D:2:      layout_loops_ring

Action                   || total
-------------------------++-------
Melee: Dagger            ||    36
       Constrict         ||     7
       Tentacles         ||     3
Throw: Dart              ||     4
  Use: Scroll            ||     4
 Stab: Sleeping          ||     7
Armor: Skin              ||     1
Dodge: Dodged            ||    12
